 Dungeon Crawl Stone Soup version 0.27-a0-1555-g0e7b3fb1d2 (webtiles) character file.

Game seed: 1698004805077559073

814 nyamberluvr69 the Fighter (level 7, -7/102 HPs)
             Began as a Minotaur Berserker on July 15, 2021.
             Was a Priest of Trog.
             Mangled by a komodo dragon (20 damage)
             ... on level 5 of the Dungeon.
             The game lasted 00:03:58 (5911 turns).

nyamberluvr69 the Fighter (Minotaur Berserker)      Turns: 5911, Time: 00:03:59

Health: -7/102     AC:  6    Str: 30    XL:     7   Next: 62%
Magic:  6/6        EV: 10    Int:  4    God:    Trog [***...]
Gold:   166        SH:  0    Dex:  9    Spells: 6/6 levels left

rFire    . . .     SeeInvis .   a - +0 hand axe
rCold    + . .     Faith    .   (no shield)
rNeg     . . .     Spirit   .   e - +0 scale mail
rPois    .         Reflect  .   (helmet restricted)
rElec    .         Harm     .   (no cloak)
rCorr    .         Rampage  .   (no gloves)
Will     .....                  (no boots)
Stlth    ..........             (no amulet)
HPRegen  0.27/turn              c - +6 ring of strength
MPRegen  0.10/turn              o - ring of protection from cold

@: berserking, very quick
A: horns 2, retaliatory headbutt
a: Renounce Religion, Berserk, Trog's Hand


You were on level 5 of the Dungeon.
You worshipped Trog.
Trog was most pleased with you.
You visited 1 branch of the dungeon, and saw 5 of its levels.

You collected 166 gold pieces.

Inventory:

Hand Weapons
 a - a +0 hand axe (weapon)
Armour
 b - a +0 animal skin
 e - a +0 scale mail (worn)
Jewellery
 c - a +6 ring of strength (left hand)
 l - a ring of protection from fire
 o - a ring of protection from cold (right hand)
Wands
 s - a wand of digging (6)
Scrolls
 f - 2 scrolls of noise {unknown}
 h - a scroll of vulnerability {unknown}
 j - a scroll of identify {unknown}
 k - 3 scrolls of magic mapping {unknown}
 m - a scroll of enchant weapon {unknown}
 p - a scroll of immolation {unknown}
 r - a scroll of teleportation {unknown}
 t - a scroll of amnesia {unknown}
Potions
 d - 2 potions of degeneration {unknown}
 g - a potion of flight {unknown}
 i - 2 potions of invisibility {unknown}
 n - 3 potions of heal wounds {unknown}
 q - a potion of ambrosia {unknown}


   Skills:
 + Level 8.1 Fighting
 + Level 8.1 Axes
 - Level 2.4 Armour
 - Level 2.1 Dodging


You had 6 spell levels left.
You didn't know any spells.
Your spell library was empty.

Dungeon Overview and Level Annotations

Branches:
Dungeon (5/15)
 Temple: D:4-7

Altars:
The Shining One

Shops:
D:2 (


Innate Abilities, Weirdness & Mutations

You have a pair of horns on your head.
You reflexively headbutt those who attack you in melee.


Message History

No target in view!
No target in view!
You start resting.
You feel a strong urge to attack something.
A komodo dragon comes into view.
A komodo dragon is nearby!
A komodo dragon is nearby!
A komodo dragon is nearby!
You are no longer berserk.
You are exhausted.
You feel yourself slow down.
You see here a +0 flail.
You start resting.
HP restored.
You start waiting.
You feel yourself speed up.
The komodo dragon hisses angrily.
You see here a +0 flail.
Things that are here:
a +0 hand axe; a +0 leather armour You hit the komodo dragon.
The komodo dragon is lightly wounded.
The komodo dragon bites you!!
You hit the komodo dragon but do no damage.
The komodo dragon is lightly wounded.
The komodo dragon bites you!!
You slash the komodo dragon! You headbutt the komodo dragon!
The komodo dragon is heavily wounded.
The komodo dragon bites you but does no damage.
You hit the komodo dragon.
You headbutt the komodo dragon, but do no damage.
The komodo dragon is severely wounded.
The komodo dragon bites you!!
* * * LOW HITPOINT WARNING * * *
Things that are here:
a +0 hand axe; a +0 leather armour You recover from your berserk rage.
A red film seems to cover your vision as you go berserk!
You feel yourself moving faster!
You feel mighty! The komodo dragon bites you!!
You die...

.... ._..#####
........# .....$..#
........# ##..#
........########.......
......
............l@...# #.#
.....
........))######## #.#
#.... ........#)# #.#
#.... ........#.# #.#
#.... ##.######.## #.#
##.... # #..##
#.###..... ##..##
####..##.....
##..#####............
##.......###..##....


You could see a komodo dragon.

Vanquished Creatures
  A water moccasin (D:5)
  An ogre (D:5)
  A phantom (D:4)
  2 scorpions
  A water moccasin skeleton (D:2)
  A centaur zombie (D:5)
  2 orc priests
  A centaur skeleton (D:4)
  An orc wizard (D:5)
  A killer bee zombie (D:4)
  A hound zombie (D:5)
  A hound skeleton (D:4)
  4 gnolls (D:2)
  5 adders
  An ufetubus (D:4)
  3 worms
  3 dart slugs
  9 orcs
  6 endoplasms
  5 giant cockroaches
  6 goblins
  7 hobgoblins
  12 jackals
  4 kobolds
  3 quokkas
  8 ball pythons
  4 bats
  5 frilled lizards
  6 rats
105 creatures vanquished.

Vanquished Creatures (others)
  4 toadstools (D:1)
  3 withered plants (D:1)
7 creatures vanquished.

Grand Total: 112 creatures vanquished

Notes
Turn   | Place    | Note
-------+----------+-------------------------------------------
     0 | D:1      | nyamberluvr69 the Minotaur Berserker began the quest for
                  | the Orb.
     0 | D:1      | Reached XP level 1. HP: 19/19 MP: 0/0
   153 | D:1      | Found a faded altar of an unknown god.
   159 | D:1      | Reached XP level 2. HP: 23/27 MP: 1/1
   588 | D:1      | Reached ** piety under Trog
   832 | D:1      | Reached XP level 3. HP: 34/34 MP: 2/2
  1573 | D:2      | Reached skill level 5 in Fighting
  1573 | D:2      | Reached skill level 5 in Axes
  1573 | D:2      | Reached XP level 4. HP: 10/42 MP: 3/3
  2264 | D:2      | Found Jizoy's Antique Weapon Shoppe.
  2293 | D:2      | Reached XP level 5. HP: 47/48 MP: 4/4
  3538 | D:3      | Reached *** piety under Trog
  4498 | D:4      | Reached XP level 6. HP: 56/58 MP: 5/5
  5188 | D:5      | Entered Level 5 of the Dungeon
  5215 | D:5      | Reached XP level 7. HP: 44/66 MP: 6/6
  5854 | D:5      | Found a glowing golden altar of the Shining One.
  5858 | D:5      | Noticed a komodo dragon
  5911 | D:5      | Mangled by a komodo dragon

Illustrated notes

Levels and vault maps discovered:
D:1:      ldierk_walled_garden_2, layout_basic,
          ebering_ecumenical_altar_petrified
D:2:      layout_basic, serial_shops, nicolae_shop_statue_plus,
          roderic_lattice_a, corexii_shack, kennysheep_potato
D:3:      layout_basic
D:4:      layout_cave_pools
D:5:      layout_rooms, minmay_temple_entry_offerings, hangedman_feature_mirror,
          minmay_shop_damaged, uniq_sigmund

Skill      XL: |  1  2  3  4  5  6  7 |
---------------+----------------------+-----
Fighting       | 4 5 6 7 8 |  8.1
Axes           | 4 5 6 7 8 |  8.1
Armour         | |  2.4
Dodging        | |  2.1

Action                   |  1- 3 |  4- 6 |  7- 9 || total
-------------------------+-------+-------+-------++-------
Melee: Hand axe          |    52 |   138 |    21 ||   211
       Headbutt          |    11 |    31 |     7 ||    49
Invok: Berserk           |       |     3 |     2 ||     5
Armor: Animal skin       |     2 |       |       ||     2
       Scale mail        |       |    45 |     5 ||    50
Dodge: Dodged            |    30 |    70 |     5 ||   105

Table legend: (Time is in decaauts)
 A = Elapsed time spent in this place.
 B = Non-inter-level travel time spent in this place.
 C = Inter-level travel time spent in this place.
 D = Time resting spent in this place.
 E = Time spent auto-exploring this place.
 F = Levels seen in this place.
 G = Mean time per level.
                   A        B        C        D        E       F      G
               +--------+--------+--------+--------+--------+-----+--------+
         Total |   5963 |   5795 |    168 |   1544 |   3694 |   5 | 1192.6 |
       Dungeon |   5963 |   5795 |    168 |   1544 |   3694 |   5 | 1192.6 |
               +--------+--------+--------+--------+--------+-----+--------+

Top non-repeatable levels by time:
     D:2: 1855 daAuts
     D:1: 1364 daAuts
     D:3: 1287 daAuts
     D:5: 743 daAuts
     D:4: 714 daAuts
